 Dungeon Crawl Stone Soup version 0.24.0-28-g17ded55e90 (webtiles) character file.

Game seed: 17540379512860537691, levelgen mode: deterministic

760 Matador8 the Ruffian (level 7, -1/51 HPs)
             Began as a Demonspawn Warper on Nov 12, 2019.
             Was an Initiate of Kikubaaqudgha.
             Killed from afar by Blork the orc (11 damage)
             ... with a puff of flame
             ... on level 6 of the Dungeon.
             The game lasted 00:37:25 (6858 turns).

Matador8 the Ruffian (Demonspawn Warper)            Turns: 6858, Time: 00:37:26

Health: -1/51      AC: 14    Str: 14    XL:     7   Next: 51%
Magic:  10/10      EV: 11    Int: 14    God:    Kikubaaqudgha [......]
Gold:   403        SH:  0    Dex: 12    Spells: 8/10 levels left

rFire    . . .     SeeInvis .     - Unarmed
rCold    . . .     Gourm    .   (no shield)
rNeg     . . .     Faith    .   w - +2 ring mail {rPois}
rPois    +         Spirit   .   (no helmet)
rElec    .         Reflect  .   (no cloak)
rCorr    .         Harm     .   (no gloves)
MR       .....                  c - +0 pair of boots
Stlth    +.........             (no amulet)
HPRegen  0.17/turn              (no ring)
MPRegen  0.12/turn              (no ring)

@: sanguine armour
A: claws 1, rot immunity, sanguine armour 1
a: Renounce Religion


You were on level 6 of the Dungeon.
You worshipped Kikubaaqudgha.
Kikubaaqudgha was noncommittal.
You were not hungry.

You visited 2 branches of the dungeon, and saw 7 of its levels.

You collected 403 gold pieces.

Inventory:

Hand Weapons
 a - a +1 hunting sling of freezing
 k - a +1 spear of piercing
 y - the +7 rapier of Oryteycw {pierce, Int+2, unknown}
   (You found it on level 6 of the Dungeon)

   It inflicts extra damage upon your enemies.
   It affects your intelligence (+2).
Missiles
 e - 3 boomerangs of dispersal (quivered)
 n - 31 sling bullets
Armour
 c - a +0 pair of boots (worn)
 w - a +2 ring mail of poison resistance (worn)
 B - the +2 robe "Awiphelae" {rC- MR+ rCorr}
   (You found it on level 6 of the Dungeon)

   It makes you vulnerable to cold.
   It affects your resistance to hostile enchantments.
   It provides partial protection from all sources of acid and corrosion.
Jewellery
 r - an uncursed amulet of the gourmand {unknown}
 t - an uncursed ring of flight {unknown}
 v - an uncursed ring of ice
Scrolls
 d - 3 scrolls of blinking
 g - 2 scrolls of remove curse
 l - 2 scrolls of identify
 o - 2 scrolls of magic mapping {unknown}
 q - 5 scrolls of teleportation
 u - 2 scrolls of amnesia {unknown}
Potions
 h - 3 potions of haste {unknown}
 m - 4 potions of curing {unknown}
 p - a potion of resistance {unknown}
 s - 4 potions of heal wounds {unknown}
 x - a potion of invisibility {unknown}
 z - 2 potions of lignification {unknown}
Comestibles
 f - 11 rations


   Skills:
 - Level 2.7 Fighting
   Level 3.8 Maces & Flails
 + Level 1.7(1.9) Slings
 - Level 1.1(1.5) Throwing
 - Level 0.8 Armour
 - Level 1.7 Dodging
 * Level 5.7 Unarmed Combat
 - Level 2.0 Spellcasting
 - Level 3.3 Translocations


You had 8 spell levels left.
You knew the following spells:

 Your Spells              Type           Power        Failure   Level  Hunger
a - Blink                 Tloc           N/A          19%         2    ###....

Your spell library contained the following spells:

 Spells                   Type           Power        Failure   Level  Hunger
 Shroud of Golubria       Chrm/Tloc      #.....       36%         2    ###....
 Gell's Gravitas          Tloc           ##........   36%         3    ####...
 Lesser Beckoning         Tloc           ##........   36%         3    ####...
 Teleport Other           Tloc           ##......     36%         3    ####...
 Passage of Golubria      Tloc           N/A          77%         4    #####..


Dungeon Overview and Level Annotations

Branches:
Dungeon (6/15)             Temple (1/1) D:6

Altars:
Ashenzari
Cheibriados
Dithmenos
Elyvilon
Fedhas
Gozag
Hepliaklqana
Kikubaaqudgha
Makhleb
Okawaru
Qazlal
Ru
Trog
Vehumet
Wu Jian
Xom
Yredelemnul
Zin
The Shining One

Annotations:
D:6 Blork the orc


Innate Abilities, Weirdness & Mutations

You have sharp fingernails.
You are immune to rotting.
When seriously injured, your bleeding wounds create armour. (AC +6)


Message History

Blork the orc casts a spell.
Blork the orc flickers and vanishes!
Deactivating autopickup; reactivate with Ctrl-A.
Throwing (i - inventory)
e - 4 boomerangs of dispersal (quivered)
Press: ? - help, Shift-Dir - straight line You throw a boomerang of dispersal.
Something hits you but does no damage.
Throwing (i - inventory)
e - 3 boomerangs of dispersal (quivered)
Press: ? - help, Shift-Dir - straight line, f - you Really target yourself?
Okay, then.
Something hits you but does no damage. Something barely misses you.
A puff of frost appears from out of thin air!
The puff of frost hits you!
* * * LOW HITPOINT WARNING * * *
A puff of frost appears from out of thin air!
The puff of frost hits you but does no damage.
A puff of flame appears from out of thin air!
The puff of flame hits you!
You die...
Kikubaaqudgha rasps: "You have failed me!
Welcome... death!"

+....#.#.......#...
#....+#+.......#... +#+
+....#.#...#...#...
.........#
#....'#+.......+...
.(.......#####..............#
.............................
.(...........................
..((....................(....
.....(.........@..<......###.
......(....{.............#
....................######
....................#
.................####
#########........# ##########


There were no monsters in sight!

Vanquished Creatures
  A phantom (D:5)
  A scorpion (D:5)
  A crimson imp (D:5)
  4 hounds
  An orc priest (D:3)
  An orc wizard (D:4)
  Jessica (D:3)
  Terence (D:3)
  A worker ant (D:5)
  A killer bee zombie (D:6)
  2 worker ant zombies (D:5)
  11 gnolls
  3 adders
  2 shadow imps (D:6)
  An ooze (D:2)
  An adder skeleton (D:4)
  4 worms
  3 dart slugs
  3 leopard geckos
  11 orcs
  9 bats
  9 giant cockroaches
  10 goblins
  7 hobgoblins
  6 jackals
  4 quokkas
  2 ball pythons
  8 frilled lizards
  7 kobolds
  10 rats
126 creatures vanquished.

Notes
Turn   | Place    | Note
-------+----------+-------------------------------------------
     0 | D:1      | Matador8 the Demonspawn Warper began the quest for the Orb.
     0 | D:1      | Reached XP level 1. HP: 16/16 MP: 3/3
   170 | D:1      | Gained mutation: When seriously injured, your bleeding
                  | wounds create armour. (AC +6) [demonic ancestry]
   170 | D:1      | Reached XP level 2. HP: 22/22 MP: 5/5
   929 | D:2      | Learned a level 2 spell: Blink
  1152 | D:2      | Reached XP level 3. HP: 23/27 MP: 6/6
  1938 | D:2      | Gained mutation: You have sharp fingernails. [demonic
                  | ancestry]
  1938 | D:2      | Reached XP level 4. HP: 28/33 MP: 7/7
  2457 | D:3      | Reached skill level 1 in Unarmed Combat
  2460 | D:3      | Noticed Terence
  2485 | D:3      | Killed Terence
  2612 | D:3      | Found a blossoming altar of Fedhas.
  2653 | D:3      | Noticed Jessica
  2706 | D:3      | Found an ancient bone altar of Kikubaaqudgha.
  2956 | D:4      | Gained mutation: You are immune to rotting. [demonic
                  | ancestry]
  2956 | D:4      | Reached XP level 5. HP: 36/38 MP: 8/8
  3014 | D:4      | Found an opulent altar of Gozag.
  3169 | D:4      | Reached skill level 2 in Unarmed Combat
  3708 | D:3      | Killed Jessica
  3816 | D:2      | Reached skill level 1 in Throwing
  3816 | D:2      | Reached skill level 3 in Unarmed Combat
  4002 | D:3      | Reached XP level 6. HP: 46/46 MP: 9/9
  4933 | D:5      | Entered Level 5 of the Dungeon
  5003 | D:5      | Reached skill level 4 in Unarmed Combat
  5544 | D:5      | Reached XP level 7. HP: 48/51 MP: 10/10
  5828 | D:5      | Reached skill level 5 in Unarmed Combat
  6040 | D:5      | Reached skill level 1 in Slings
  6245 | D:6      | Got an ancient rapier
  6261 | D:6      | Got a steaming robe
  6279 | D:6      | Identified the +2 robe "Awiphelae" {rC- MR+ rCorr} (You
                  | found it on level 6 of the Dungeon)
  6373 | D:6      | Found a staircase to the Ecumenical Temple.
  6422 | Temple   | Entered the Ecumenical Temple
  6775 | D:3      | Became a worshipper of Kikubaaqudgha
  6831 | D:6      | Noticed Blork the orc
  6858 | D:6      | Killed from afar by Blork the orc

Levels and vault maps discovered:
D:1:      tarquinn_simple_flora_water_f, layout_basic
D:2:      layout_rooms
D:3:      minmay_bubble_buster, layout_rooms,
          grunt_temple_overflow_growth_and_decay, uniq_terence, uniq_jessica
D:4:      layout_loops_ring, grunt_gozag_statues
D:5:      layout_basic, first_ration
D:6:      layout_basic, minmay_temple_entry_mini_moons, uniq_blork_the_orc,
          uniq_menkaure
Temple:   regret_index_temple_sphere_string

Skill      XL: |  1  2  3  4  5  6  7 |
---------------+----------------------+-----
Maces & Flails | 2 3 |  3.8
Translocations | 3 |  3.3
Unarmed Combat | 1 3 4 5 |  5.7
Throwing       | 1 |  1.1
Slings         | 1 |  1.7
Fighting       | |  2.7
Armour         | |  0.8
Dodging        | |  1.7
Spellcasting   | |  2.0

Action                   |  1- 3 |  4- 6 |  7- 9 || total
-------------------------+-------+-------+-------++-------
Melee: Mace              |   151 |   173 |       ||   324
       Punch             |       |     3 |     7 ||    10
       Unarmed           |       |   154 |   101 ||   255
 Fire: Hunting sling     |       |       |    13 ||    13
Throw: Throwing net      |       |     1 |       ||     1
       Boomerang         |       |     1 |     1 ||     2
  Use: Scroll            |       |       |     3 ||     3
 Stab: Sleeping          |     1 |       |       ||     1
       Held in net/web   |       |     1 |       ||     1
  Eat: Chunk             |     3 |    10 |     3 ||    16
       Ration            |       |     1 |       ||     1
Armor: Leather armour    |    49 |    30 |       ||    79
       Ring mail         |       |    78 |    41 ||   119
Dodge: Dodged            |    98 |   160 |    52 ||   310
